 Dungeon Crawl Stone Soup version 0.21.1-1-g345015fe64 (webtiles) character file.

215 Ivernyr the Charmwright (level 5, -1/41 HPs)
             Began as a Demonspawn Skald on Apr 30, 2018.
             Slain by a mummy (14 damage)
             ... in an ossuary.
             The game lasted 00:08:51 (4252 turns).

Ivernyr the Charmwright (Demonspawn Skald)          Turns: 4252, Time: 00:08:51

Health: -1/41      AC: 10    Str: 11    XL:     5   Next: 60%
Magic:  5/8        EV: 12    Int: 14    God:
Gold:   190        SH:  0    Dex: 14    Spells: 3/8 levels left

rFire    . . .     SeeInvis .   a - +0 falchion
rCold    + . .     Gourm    .   (no shield)
rNeg     . . .     Faith    .   b - +1 leather armour {rC+}
rPois    .         Spirit   .   (no helmet)
rElec    .         Reflect  .   (no cloak)
rCorr    .         Harm     .   (no gloves)
MR       .....                  (no boots)
Stlth    +.........             (no amulet)
HPRegen  0.13/turn              (no ring)
MPRegen  0.11/turn              (no ring)

@: shrouded, marked, sanguine armour
A: claws 1, sanguine armour 1
a: no special abilities


You were in an ossuary.
You were not hungry.

You visited 1 branch of the dungeon, and saw 4 of its levels.
You also visited: Ossuary.

You collected 190 gold pieces.

Inventory:

Hand Weapons
 a - a +0 falchion (weapon)
Armour
 b - a +1 leather armour of cold resistance (worn)
Scrolls
 e - 4 scrolls of remove curse
 h - a scroll of immolation {unknown}
 l - 3 scrolls of fog {unknown}
 m - 2 scrolls of amnesia {unknown}
 n - 2 scrolls of enchant weapon {unknown}
 o - 2 scrolls of blinking {unknown}
 p - a scroll of teleportation {unknown}
 q - a scroll of fear {unknown}
 r - 3 scrolls of identify {unknown}
Potions
 f - 6 potions of curing {unknown}
 g - a potion of degeneration {unknown}
 i - a potion of heal wounds {unknown}
 j - a potion of ambrosia {unknown}
 k - 2 potions of agility {unknown}
 s - a potion of invisibility {unknown}
Books
 c - a book of Battle

   Spells                             Type                      Level
   a - Infusion                       Charms                       1
   b - Shroud of Golubria             Charms/Translocation         2
   c - Song of Slaying                Charms                       2
   d - Spectral Weapon                Hexes/Charms                 3
   e - Regeneration                   Charms/Necromancy            3
Comestibles
 d - 9 rations


   Skills:
 + Level 3.1 Fighting
 + Level 2.7 Long Blades
 * Level 3.2 Armour
 - Level 1.7 Dodging
 - Level 2.0 Spellcasting
 + Level 3.4 Charms


You had 3 spell levels left.
You knew the following spells:

 Your Spells              Type           Power        Failure   Level  Hunger
a - Shroud of Golubria    Chrm/Tloc      #.........   22%         2    ###....
b - Song of Slaying       Chrm           ##......     11%         2    ###....
c - Infusion              Chrm           ##..         7%          1    ##.....


Dungeon Overview and Level Annotations

Branches:
Dungeon (4/15)
 Temple: D:4-7

Altars:
Makhleb

Annotations:
D:4 exclusion: oklob sapling


Innate Abilities, Weirdness & Mutations

You have sharp fingernails.
When seriously injured, your bleeding wounds create armour. (AC +6)


Message History

The centaur zombie is almost destroyed.
You barely miss the centaur zombie.
The centaur zombie is almost destroyed.
The centaur zombie hits you but does no damage.
The hobgoblin zombie hits you but does no damage.
Casting: Shroud of Golubria
Confirm with . or Enter, or press ? or * to list all spells.
Space distorts slightly along a thin shroud covering your body.
The centaur zombie hits you but does no damage.
You hit the mummy.
The mummy is lightly damaged.
You hit the mummy.
The mummy is moderately damaged.
You hit the mummy.
The mummy is heavily damaged.
Your shroud bends the mummy's attack away. x2
You hit the mummy.
The mummy is severely damaged.
The mummy hits you!
You die...

#...#.....∩.# #...#
#...#.......# #...#
#...#.......# #...#
#...#....ZZZ####Z#...#
#...#.ZZ.ZZZZ.Z.Z#...#
#...#.####ZZ####.#...#
#...# #ZZ# #...# #...#
#MM# #...#
#...######@.######...#
#....................#
#........8..8........#
#....................#
#....................#
######################


You could see 2 mummies, an adder zombie, a rat zombie, a jackal zombie, a
goblin zombie, a hobgoblin zombie, a kobold zombie, 2 big kobold zombies, 2 orc
zombies and a centaur zombie.

Vanquished Creatures
  A centaur zombie (Ossuary)
  A hound (D:3)
  A worker ant (D:3)
  2 adders
  An ooze (D:2)
  2 worms
  3 dart slugs (D:1)
  A leopard gecko (D:1)
  11 orcs
  A ball python (D:2)
  10 goblins
  7 hobgoblins
  6 jackals
  3 kobolds
  A quokka (D:3)
  6 bats
  A frilled lizard (D:1)
  9 hobgoblin zombies (Ossuary)
  A jackal skeleton (D:4)
  8 kobold zombies (Ossuary)
  4 orc zombies (Ossuary)
  7 rats
87 creatures vanquished.

Notes
Turn   | Place    | Note
-------+----------+-------------------------------------------
     0 | D:1      | Ivernyr the Demonspawn Skald began the quest for the Orb.
     0 | D:1      | Reached XP level 1. HP: 16/16 MP: 3/3
    65 | D:1      | Reached skill level 1 in Armour
   206 | D:1      | Gained mutation: When seriously injured, your bleeding wounds create armour. (AC +6) [demonic ancestry]
   206 | D:1      | Reached XP level 2. HP: 19/22 MP: 5/5
   281 | D:1      | Learned a level 2 spell: Song of Slaying
   284 | D:1      | Learned a level 2 spell: Shroud of Golubria
  1096 | D:2      | Reached XP level 3. HP: 18/28 MP: 4/6
  2121 | D:3      | Gained mutation: You have sharp fingernails. [demonic ancestry]
  2121 | D:3      | Reached XP level 4. HP: 34/34 MP: 3/7
  2581 | D:3      | Reached XP level 5. HP: 14/40 MP: 3/8
  3279 | D:3      | Found a burning altar of Makhleb.
  3279 | D:3      | Noticed a green death
  3893 | D:4      | Found a sand-covered staircase.
  3898 | Ossuary  | Entered an ossuary
  4252 | Ossuary  | Slain by a mummy

Skill      XL: |  1  2  3  4  5 |
---------------+----------------+-----
Armour         | 1 2 3 |  3.2
Long Blades    | 2 |  2.7
Charms         | 3 |  3.4
Fighting       | 3 |  3.1
Dodging        | |  1.7
Spellcasting   | |  2.0

Action                   |  1- 3 |  4- 6 || total
-------------------------+-------+-------++-------
Melee: Falchion          |   119 |   191 ||   310
 Cast: Infusion          |     1 |     1 ||     2
       Shroud of Golubri |     6 |    10 ||    16
       Song of Slaying   |       |     2 ||     2
  Use: Scroll            |       |     1 ||     1
  Eat: Chunk             |     3 |     7 ||    10
       Ration            |       |     1 ||     1
Armor: Leather armour    |    51 |    66 ||   117
Dodge: Dodged            |    77 |   156 ||   233
       Rpst.: Falchion   |    26 |    49 ||    75
